 Dungeon Crawl Stone Soup version 0.25.1-2-g60ff931df9 (webtiles) character file.

Game seed: 18002873219048121358

44 Exodus22XD the Shield-Bearer (level 3, -2/33 HPs)
             Began as a Deep Dwarf Fighter on Oct 17, 2020.
             Slain by Crazy Yiuf
             ... wielding a +2 quarterstaff of chaos
              (12 damage)
             ... on level 2 of the Dungeon.
             The game lasted 00:01:22 (1304 turns).

Exodus22XD the Shield-Bearer (Deep Dwarf Fighter)   Turns: 1304, Time: 00:01:23

Health: -2/33      AC:  8    Str: 20    XL:     3   Next: 41%
Magic:  3/3        EV:  7    Int:  8    God:
Gold:   83         SH:  9    Dex: 12    Spells: 2/2 levels left

rFire    . . .     SeeInvis .   a - +0 war axe
rCold    . . .     Gourm    .   c - +0 kite shield
rNeg     . . .     Faith    .   b - +0 scale mail
rPois    .         Spirit   .   (no helmet)
rElec    .         Reflect  .   (no cloak)
rCorr    .         Harm     .   k - +0 pair of gloves
MR       +....                  (no boots)
Stlth    ..........             j - amulet of inaccuracy (curse)
HPRegen  0.00/turn              i - ring of protection from magic
MPRegen  0.08/turn              (no ring)

@: lethally poisoned (-2 -> -2), non-regenerating
A: damage resistance, heal wounds, sense surroundings 1, no regeneration
a: Heal Wounds


You were on level 2 of the Dungeon.
You were hungry.

You visited 1 branch of the dungeon, and saw 2 of its levels.

You collected 83 gold pieces.

Inventory:

Hand Weapons
 a - a +0 war axe (weapon)
Armour
 b - a +0 scale mail (worn)
 c - a +0 kite shield (worn)
 k - a +0 pair of gloves (worn)
Jewellery
 i - a ring of protection from magic (left hand)
 j - a cursed amulet of inaccuracy (around neck)
Scrolls
 e - 2 scrolls of identify {unknown}
 h - a scroll of blinking {unknown}
 l - a scroll of teleportation {unknown}
Potions
 d - a potion of might
 m - a potion of berserk rage {unknown}
Comestibles
 f - 4 rations
 g - a chunk of flesh


   Skills:
 + Level 2.8 Fighting
 + Level 3.0 Axes
 + Level 3.7 Armour
 + Level 3.8 Shields


You had 2 spell levels left.
You didn't know any spells.
Your spell library was empty.

Dungeon Overview and Level Annotations

Branches:
Dungeon (2/15)

Altars:
Fedhas

Annotations:
D:2 Crazy Yiuf


Innate Abilities, Weirdness & Mutations

You are resistant to damage.
You can heal yourself by infusing magical energy.
You passively map a small area around you.
You do not regenerate.


Message History

Crazy Yiuf hits you but does no damage.
You hit Crazy Yiuf.
Crazy Yiuf is severely wounded.
You block Crazy Yiuf's attack.
You barely miss Crazy Yiuf.
Crazy Yiuf is severely wounded.
You block Crazy Yiuf's attack.
You closely miss Crazy Yiuf.
Crazy Yiuf is severely wounded.
You block Crazy Yiuf's attack.
Crazy Yiuf hits you with a +2 quarterstaff of chaos!
Crazy Yiuf freezes you.
You barely miss Crazy Yiuf.
Crazy Yiuf is severely wounded.
Crazy Yiuf hits you with a +2 quarterstaff of chaos!
Crazy Yiuf draws strength from your wounds!
You miss Crazy Yiuf.
Crazy Yiuf is moderately wounded.
Crazy Yiuf hits you but does no damage.
You are electrocuted!
You die...

#....# ##.#
##..## #.#
♣....♣ ##.#
♣♣...♣ #...
♣♣.♣♣ #<..
♣♣.♣
########..#
♣.♣♣
#.........#
♣♣.♣
#..........
♣@♣♣
#..<......#
#g#
#.........#
*...*
##.........#
#...#
#...........
#)..#
#........##.
#####
#...........
#.#.........
###....÷......
#...........<.


You could see Crazy Yiuf (strong).

Vanquished Creatures
  A worm (D:2)
  2 dart slugs
  2 giant cockroaches (D:2)
  4 goblins (D:1)
  3 hobgoblins
  7 jackals
  A kobold (D:1)
  2 quokkas (D:2)
  2 ball pythons
  6 bats
  A frilled lizard (D:1)
  3 rats
34 creatures vanquished.

Notes
Turn   | Place    | Note
-------+----------+-------------------------------------------
     0 | D:1      | Exodus22XD the Deep Dwarf Fighter began the quest for the
                  | Orb.
     0 | D:1      | Reached XP level 1. HP: 20/20 MP: 1/1
   564 | D:1      | Reached XP level 2. HP: 24/27 MP: 2/2
   993 | D:2      | Reached XP level 3. HP: 10/33 MP: 3/3
  1203 | D:2      | Found a runed translucent door.
  1204 | D:2      | Noticed Crazy Yiuf
  1247 | D:2      | Found a blossoming altar of Fedhas.
  1304 | D:2      | Slain by Crazy Yiuf

Illustrated notes

Levels and vault maps discovered:
D:1:      lemuel_arrival_funnel, layout_loops_corners, minivault_27,
          chequers_serial_rivers_micro_a, minmay_misc_feat_doors
D:2:      layout_rooms, grunt_temple_overflow_open, first_ration,
          serial_bayou_ford_a, uniq_crazy_yiuf_cottage

Skill      XL: |  1  2  3 |
---------------+----------+-----
Axes           | 3 |  3.0
Fighting       | |  2.8
Armour         | |  3.7
Shields        | |  3.8

Action                   || total
-------------------------++-------
Melee: War axe           ||   135
 Abil: Heal Wounds       ||     1
  Eat: Chunk             ||     1
Armor: Scale mail        ||    70
Dodge: Dodged            ||    67
Block: Kite shield       ||    97
